AoeStats
← Ebrio

Nomad

505916732Analyzed
3v3 RM · 20d ago on Sep 11, 2026· 44m 43s· 6 players
Game mode
Random Map
Map size
210×210
Population
200
Speed
Normal
Resources
Standard
Victory
Conquest
Starting age
Dark Age
Ending age
Imperial Age
RankedLock teamsTeams togetherTeam positionsShared explorationLock speedFull tech treeHidden civsTurbo modeCheats
Victory
Defeat
🇩🇪 Dravidians · Germany
941
+15
🇩🇪 Malay · Germany
941
+15
🇩🇪 Shu · Germany
927
+16
🇬🇧 Goths · United Kingdom
930
-16
🇦🇷 Persians · Argentina
923
-15
🇹🇼 Bengalis · Taiwan
906
-15
George
5:58 Loom
16:09 Feudal Age
18:03 Fletching
18:37 Double-Bit Axe
28:52 Castle Age
31:07 Bow Saw
34:23 Imperial Age
35:05 Horse Collar
35:37 Bow Saw
35:22 Gold Mining
36:33 Ballistics
Dutchy91
16:58 Feudal Age
17:30 Double-Bit Axe
17:11 Man-at-Arms
17:46 Gold Mining
20:24 Fishing Lines
21:33 Forging
21:24 Scale Mail Armor
24:47 Castle Age
24:13 Horse Collar
26:15 Wheelbarrow
25:30 Long Swordsman
26:11 Squires
26:55 Heavy Plow
27:30 Hand Cart
27:41 Bow Saw
28:29 Stone Mining
33:53 Anarchy
34:44 Iron Casting
34:37 Chain Mail Armor
37:24 Stone Shaft Mining
41:42 Imperial Age
44:01 Conscription
Ebrio
3:45 Loom
16:26 Feudal Age
20:23 Castle Age
20:10 Fishing Lines
21:09 Gillnets
21:58 Wheelbarrow
27:50 Horse Collar
30:11 Gold Mining
31:02 Double-Bit Axe
32:57 Heavy Plow
33:10 Bow Saw
37:08 Imperial Age
35:25 Kamandaran
35:53 Crossbowman
36:41 Padded Archer Armor
36:32 Fletching
36:48 Scale Barding Armor
36:53 Forging
39:17 Leather Archer Armor
38:58 Bodkin Arrow
41:10 Cavalier
42:06 Bloodlines
43:55 Ring Archer Armor
44:01 Iron Casting
43:42 Husbandry
44:30 Chain Barding Armor
44:44 Crop Rotation
45:17 Two-Man Saw
Smoothi
6:31 Loom
16:16 Feudal Age
16:43 Double-Bit Axe
16:44 Horse Collar
16:56 Gold Mining
18:50 Fishing Lines
21:41 Castle Age
21:21 Stone Mining
22:56 Forging
25:05 Thumb Ring
26:16 Fletching
29:18 Bodkin Arrow
29:28 Padded Archer Armor
28:53 Crossbowman
30:19 Gold Shaft Mining
29:57 Bow Saw
29:50 Heavy Plow
37:54 Imperial Age
38:40 Wheelbarrow
37:51 Town Watch
40:35 Hand Cart
41:03 Hand Cart
43:06 Ballistics
43:16 Bracer
44:53 Two-Man Saw
44:39 Careening
44:41 Clinker Construction
44:52 Shipwright
Majormarvin
11:05 Loom
15:02 Feudal Age
15:31 Feudal Age
22:17 Castle Age
20:16 Fletching
20:26 Padded Archer Armor
20:45 Fishing Lines
20:48 Horse Collar
21:54 Padded Archer Armor
24:06 Heavy Plow
24:45 Gold Mining
26:58 Bodkin Arrow
29:43 Ballistics
30:44 Thumb Ring
30:51 Stone Mining
30:57 Double-Bit Axe
32:43 Leather Archer Armor
34:52 Medical Corps
36:47 Wheelbarrow
41:34 Hand Cart
44:03 Imperial Age
blablaxx
10:15 Loom
14:26 Feudal Age
15:48 Fishing Lines
17:21 Man-at-Arms
17:50 Arson
21:58 Double-Bit Axe
21:55 Horse Collar
24:20 Castle Age
24:11 Long Swordsman
25:40 Squires
26:01 Forging
27:35 Pikeman
30:14 Iron Casting
30:41 Wheelbarrow
29:52 Town Watch
30:46 Thalassocracy
34:22 Hand Cart
41:49 Imperial Age
40:39 Elite Karambit Warrior
43:28 Blast Furnace
Connection lost

Rejoining the realm…

Still unreachable

The connection could not be restored.

Session expired

The server has moved on; the page needs a fresh start.